 Dungeon Crawl Stone Soup version 0.29-a0-721-g7f417c9bbb (webtiles) character file.

Game seed: 12413391813642781893

184 gobodom the Digger (level 5, 0/28 HPs)
             Began as a Gargoyle Earth Elementalist on June 27, 2022.
             Slain by an ogre
             ... wielding a +0 giant spiked club
              (28 damage)
             ... on level 4 of the Dungeon.
             The game lasted 00:07:22 (2851 turns).

gobodom the Digger (Gargoyle Earth Elementalist)    Turns: 2851, Time: 00:07:23

Health: 0/28       AC:  8    Str: 12    XL:     5   Next: 63%
Magic:  7/10       EV: 12    Int: 23    God:
Gold:   209        SH:  0    Dex: 10    Spells: 10/11 levels left

rFire   . . .      SeeInvis .   (no weapon)
rCold   . . .      Faith    .   (no shield)
rNeg    + . .      Spirit   .   a - +0 robe
rPois   ∞          Reflect  .   g - +0 helmet
rElec   +          Harm     .   z - scarf {shadows}
rCorr   .          Rampage  .   j - +0 pair of gloves
Will    .....                   (no boots)
Stlth   ++........              (no amulet)
HPRegen 0.09/turn               i - +6 ring of intelligence
MPRegen 0.12/turn               (no ring)

@: no status effects
A: sickness immunity, AC +4, negative energy resistance 1, electricity
resistance, torment resistance 1, petrification resistance
a: no special abilities


You were on level 4 of the Dungeon.
You visited 1 branch of the dungeon, and saw 4 of its levels.

You collected 209 gold pieces.

Inventory:

Hand Weapons
 h - a +1 sling of freezing
Armour
 a - a +0 robe (worn)
 g - a +0 helmet (worn)
 j - a +0 pair of gloves (worn)
 m - a +2 ring mail of fire resistance
 z - a scarf of shadows (worn)
Jewellery
 i - a +6 ring of intelligence (left hand)
 y - a ring of see invisible
Scrolls
 e - 2 scrolls of fog {unknown}
 k - 4 scrolls of blinking {unknown}
 l - 3 scrolls of magic mapping {unknown}
 o - a scroll of brand weapon {unknown}
 r - a scroll of fear {unknown}
 v - a scroll of teleportation {unknown}
 w - a scroll of torment {unknown}
 x - a scroll of silence {unknown}
Potions
 b - a potion of magic
 c - a potion of resistance {unknown}
 d - a potion of mutation {unknown}
 f - a potion of cancellation {unknown}
 n - a potion of ambrosia {unknown}
 p - 2 potions of brilliance {unknown}
 q - 2 potions of might {unknown}
 s - 2 potions of curing {unknown}
 t - 2 potions of degeneration {unknown}
 u - a potion of attraction {unknown}
 A - a potion of heal wounds {unknown}


   Skills:
 + Level 1.6 Dodging
 + Level 2.5 Stealth
 + Level 3.7 Spellcasting
 + Level 1.0 Transmutations
 + Level 5.6 Earth Magic


You had 10 spell levels left.
You knew the following spells:

 Your Spells              Type           Power      Damage    Failure   Level
a - Sandblast             Erth           60%        2d14      1%          1

Your spell library contained the following spells:

 Spells                   Type           Power      Damage    Failure   Level
 Passwall                 Tmut/Erth      15%        N/A       4%          2
 Stone Arrow              Conj/Erth      34%        3d9       10%         3
 Blink                    Tloc           8%         N/A       16%         2
 Petrify                  Tmut/Erth      19%        N/A       26%         4
 Confusing Touch          Hex            4%         N/A       32%         3
 Summon Guardian Golem    Hex/Summ       4%         N/A       32%         3
 Yara's Violent Unravell  Hex/Tmut       3%         3d4       94%         5
 Manifold Assault         Tloc           4%         N/A       96%         5
 Enfeeble                 Hex            2%         N/A       100%        7
 Orb of Destruction       Conj           2%         9d5       100%        7
 Spellforged Servitor     Conj/Summ      2%         N/A       100%        7
 Storm Form               Tmut/Air       3%         N/A       100%        7


Dungeon Overview and Level Annotations

Branches:
Dungeon (4/15)             Temple (0/1) D:4

Altars:
Cheibriados
Ru
Xom
Yredelemnul


Innate Abilities, Weirdness & Mutations

You are immune to sickness and miasma.
Your stone body is resilient. (AC +4)
You are immune to poison.
You resist negative energy. (rN+)
You are resistant to electric shocks. (rElec)
You are resistant to unholy torment.
You are immune to petrification.


Message History

You start putting on your armour.
You continue putting on your scarf of shadows. x4
You finish putting on your scarf of shadows.
It gets dark.
You open the door.
A rat comes into view.
Found 12 gold pieces.
The blast of sand hits the rat!
You kill the rat!
There is an open door here.
You now have 203 gold pieces (gained 12).
Found a lumpy ruby potion.
Found 6 gold pieces.
A - a lumpy ruby potion You now have 209 gold pieces (gained 6).
There is an open door here.
There is an open door here.
You see here a +0 chain mail.
You see here a +0 chain mail.
There is a stone staircase leading down here.
You open the door.
There is an open door here.
You open the door.
There is an open door here.
There is an open door here.
You see here a +0 club.
Done exploring.
There is a stone staircase leading down here.
You climb downwards.
Found a stone staircase leading down.
There is a stone staircase leading up here.
The blast of sand hits the goblin!
You kill the goblin!
The blast of sand hits the ogre!
The ogre is moderately wounded.
The blast of sand hits the ogre!
The ogre is almost dead.
The ogre hits you with a +0 giant spiked club!!
Ouch! That really hurt!
You die...

#### ### ....
.. .....
##.##.....
#......>..
#..@......
#).O......
............
####.........
..........
##.........
..........


You could see an ogre.

Vanquished Creatures
  A jelly (D:4)
  An iron imp (D:3)
  5 adders
  An ufetubus (D:4)
  2 dart slugs (D:2)
  An orc (D:3)
  5 ball pythons
  5 bats
  5 endoplasms
  3 giant cockroaches
  11 goblins
  8 hobgoblins
  2 kobolds
  3 quokkas (D:1)
  3 frilled lizards
  8 rats
64 creatures vanquished.

Notes
Turn   | Place    | Note
-------+----------+-------------------------------------------
     0 | D:1      | gobodom the Gargoyle Earth Elementalist began the quest for
                  | the Orb.
     0 | D:1      | Reached XP level 1. HP: 10/10 MP: 3/3
    78 | D:1      | Reached skill level 1 in Transmutations
   158 | D:1      | Reached XP level 2. HP: 15/15 MP: 1/5
   529 | D:1      | Reached skill level 4 in Earth Magic
   846 | D:2      | Reached XP level 3. HP: 19/19 MP: 3/6
  1393 | D:2      | You fall into a shaft and drop 2 floors!
  1395 | D:4      | Noticed a necrophage
  1414 | D:4      | Reached XP level 4. HP: 24/24 MP: 4/8
  1414 | D:4      | Found a staircase to the Ecumenical Temple.
  1472 | D:4      | Found a shimmering altar of Xom.
  1653 | D:4      | Found a large runed translucent door.
  1657 | D:4      | Found a large runed translucent door.
  1676 | D:4      | Found a basalt altar of Yredelemnul.
  1679 | D:4      | Found a sacrificial altar of Ru.
  1716 | D:4      | Reached skill level 5 in Earth Magic
  1802 | D:4      | Noticed an ogre
  1802 | D:4      | Noticed a phantom
  2128 | D:3      | Reached XP level 5. HP: 28/28 MP: 8/10
  2130 | D:3      | Found a faded altar of an unknown god.
  2287 | D:3      | Found a snail-covered altar of Cheibriados.
  2848 | D:4      | Noticed an ogre
  2851 | D:4      | Slain by an ogre

Illustrated notes

Levels and vault maps discovered:
D:1:      ebering_hopf_link, layout_loops_ring
D:2:      layout_loops_cross
D:3:      layout_basic, slow_altar_1, shapermc_ecumenical_altar_flowoftime,
          kennysheep_generic_room_8
D:4:      layout_basic, mainiacjoe_overflow_catwalk, jmf_multi_god_temple2,
          minmay_temple_entry_trees, uniq_menkaure

Skill      XL: |  1  2  3  4 |
---------------+-------------+-----
Transmutations | 1 |  1.0
Earth Magic    | 4 5 |  5.6
Spellcasting   | 3 |  3.7
Dodging        | |  1.6
Stealth        | |  2.5

Action                   |  1- 3 |  4- 6 || total
-------------------------+-------+-------++-------
Melee: Unarmed           |     1 |     1 ||     2
 Cast: Sandblast         |    41 |    37 ||    78
Armor: Robe              |     5 |     1 ||     6
Dodge: Dodged            |    10 |     1 ||    11

Table legend: (Time is in decaauts)
 A = Elapsed time spent in this place.
 B = Non-inter-level travel time spent in this place.
 C = Inter-level travel time spent in this place.
 D = Time resting spent in this place.
 E = Time spent auto-exploring this place.
 F = Levels seen in this place.
 G = Mean time per level.
                   A        B        C        D        E       F      G
               +--------+--------+--------+--------+--------+-----+--------+
         Total |   2928 |   2928 |      0 |     33 |   2199 |   4 |  732.0 |
       Dungeon |   2928 |   2928 |      0 |     33 |   2199 |   4 |  732.0 |
               +--------+--------+--------+--------+--------+-----+--------+

Top non-repeatable levels by time:
     D:3: 879 daAuts
     D:1: 820 daAuts
     D:2: 733 daAuts
     D:4: 495 daAuts
